cohdb
Replays
Latest Replays
All Replays
Popular Replays
Top Player Replays
Match Explorer
How It Works
Community
CoH3 Stats
Reddit
Sign in to upload your games and track your stats! →
Sign in with Steam
Match 43372346
Unlisted
Match 43372346
Overview
Messages
Build Orders
End
Pioneer Squad
Construct Infanterie Kompanie
MG 42 Machine Gun Team
Grenadier Squad
MG 42 Machine Gun Team
Construct Panzergrenadier Kompanie
Panzergrenadier Squad
Medical Bunker
Selects Terror Battlegroup
Selects Contempt for the Weak
Panzergrenadier Squad
Pak 40 Anti-tank Gun Team
Support Elements
Panzergrenadier Officer Quarters
Selects Heavy Gunnery
Selects No Quarter
StuG III G Assault Gun
Pioneer Squad
Panzergrenadier Squad
StuG III G Assault Gun
Nebelwerfer 42 Rocket Launcher Team
Selects King Tiger Heavy Tank
King Tiger Heavy Tank
Pioneer Squad
Pioneer Squad
aka p.r.a.s.a.
bananaphil
pagep
7k this year for sure
0
0
Comments
sign in to comment!
No comments posted yet!